 Dungeon Crawl Stone Soup version 0.30-a0-857-gcaf70739d4 (webtiles) character file.

Game seed: 10019680945644795661

68 Twinkles the Cutter (level 4, -1/21 (23) HPs)
             Began as a Spriggan Reaver on Mar 6, 2023.
             Slain by an iguana (10 damage)
             ... on level 2 of the Dungeon.
             The game lasted 00:09:41 (2939 turns).

Twinkles the Cutter (Spriggan Reaver)               Turns: 2939, Time: 00:09:42

HP:   -1/21 (23)    AC:  2    Str: 12    XL:     4   Next: 1%
MP:   9/9           EV: 17    Int: 16    God:
Gold: 120           SH:  0    Dex: 13    Spells: 8/9 levels left

rFire   . . .      SeeInvis +    a - +0 short sword
rCold   . . .      Faith    .    (no shield)
rNeg    . . .      Spirit   .    p - +0 robe "Xecideck" {+Blink Str+4 Archmagi}
rPois   .          Reflect  .    (helmet restricted)
rElec   .          Rampage  .    (no cloak)
rCorr   .          Archmagi +    (gloves unavailable)
Will    +....                    (boots unavailable)
Stlth   ++                       (no amulet)
HPRegen 0.23/turn                h - ring of willpower
MPRegen 0.11/turn                (no ring)

@: drained, very quick
A: very small, no large weapons, unfitting armour, see invisible, speed 3
a: Evoke Blink


You were on level 2 of the Dungeon.
You visited 1 branch of the dungeon, and saw 3 of its levels.

You collected 120 gold pieces.

Inventory:

Hand Weapons
 a - a +0 short sword (weapon)
Armour
 p - the +0 robe "Xecideck" (worn) {+Blink Str+4 Archmagi}
   (You found it on level 3 of the Dungeon)

   Str:       It affects your strength (+4).
   +Blink:    It lets you blink.
   Archmagi:  It increases the power of your magical spells.
Jewellery
 h - a ring of willpower (left hand)
Scrolls
 d - 2 scrolls of identify {unknown}
 e - 2 scrolls of silence {unknown}
 f - a scroll of noise {unknown}
 l - a scroll of teleportation {unknown}
Potions
 c - 3 potions of curing {unknown}
 g - 2 potions of invisibility {unknown}
 i - 2 potions of brilliance {unknown}
 j - a potion of degeneration {unknown}
 k - 2 potions of attraction {unknown}
 m - 2 potions of might {unknown}
 n - a potion of lignification {unknown}
 o - a potion of flight {unknown}


   Skills:
 + Level 2.1 Fighting
 - Level 3.6 Short Blades
 + Level 3.5 Dodging
 + Level 1.4 Stealth
 + Level 3.3 Spellcasting
 + Level 2.5 Conjurations


You had 8 spell levels left.
You knew the following spells:

 Your Spells              Type           Power      Damage    Failure   Level
a - Kiss of Death         Conj/Necr      40%        2d8       11%         1

Your spell library contained the following spells:

 Spells                   Type           Power      Damage    Failure   Level
 Momentum Strike          Conj/Tloc      20%        3d8       16%         2
 Necrotise                Necr           12%        1d4       19%         1
 Hailstorm                Conj/Ice       10%        3d5       32%         3
 Ignite Poison            Fire/Tmut/Pois 3%         N/A       50%         3
 Kindle Blastsparks       Fire/Tloc/Air  6%         2d10      50%         3
 Summon Guardian Golem    Hex/Summ       3%         N/A       50%         3
 Vampiric Draining        Necr           3%         2d6       50%         3
 Freezing Cloud           Conj/Ice/Air   3%         6-21      98%         5
 Agony                    Necr           3%         N/A       99%         5
 Orb of Destruction       Conj           8%         9d6       100%        7
 Spellforged Servitor     Conj/Summ      5%         N/A       100%        7


Dungeon Overview and Level Annotations

Branches:
Dungeon (3/15) Zot: 16027

Altars:
Wu Jian

Annotations:
D:2 exclusion: downstairs, Terence


Innate Abilities, Weirdness & Mutations

You are very small and have problems with some larger weapons.
You are too small for most types of armour.
You have supernaturally acute eyesight. (SInv)
You cover ground extremely quickly. (Speed+++)


Message History

The hobgoblin hits you.
You hit the hobgoblin but do no damage.
The hobgoblin is severely wounded.
The hobgoblin completely misses you.
You closely miss the hobgoblin.
The hobgoblin is severely wounded.
The hobgoblin misses you.
You hit the hobgoblin.
You kill the hobgoblin!
You see here a hobgoblin corpse.
HP restored.
An orc comes into view.
It is wielding a +0 flail. 2 orcs come into view.
An orc comes into view. It is wielding a +0 club.
The orc shouts!
You hear a shout!
Okay, then.
Unknown command.
The orc throws a boomerang.
The boomerang completely misses you.
You hit the orc.
The orc is severely wounded.
The orc barely misses you.
You closely miss the orc.
The orc is severely wounded.
The orc closely misses you.
You hit the orc.
You kill the orc!
You have reached level 4!
An orc priest comes into view. It is wielding a +0 whip.
The orc priest shouts!
The orc hits you with a +0 hand axe!
The orc priest moves out of view.
You see here a +0 flail.
You are too injured to fight recklessly!
You hit the orc.
The orc is moderately wounded.
The orc hits you with a +0 hand axe.
There is a stone staircase leading up, spattered with blood here.
You climb upwards.
Level annotation: exclusion: downstairs, Terence The iguana bites you!
You die...

.# #.#.# #.......# ##.#
.#####.#.# #####.### #..#######
.........# #.# ###........#
.###.....## #.###..........#
.###...#..### #.##..##.......#
#..+..(.....####.##.###.......#
#.##...##......#.#.....l......#
.........##.##.#.#.#####......##
#.######.##.....@l.#...+.......##
#.# #.......####.#.#.###.........
#.# #.......'..#.#.#.# ###.......
#.# #.......#.##.....# #.......
#.# #.......#.##...### #.......
#.# #.......#......#######.......
#.# #.......#####........#.......
#.# #.......# #.######.#.......
#.# ######### #.# #.#.......


You could see an iguana.

Vanquished Creatures
  3 adders
  A dart slug (D:1)
  An orc (D:3)
  4 bats (D:2)
  4 endoplasms
  2 giant cockroaches (D:2)
  3 goblins
  2 hobgoblins
  A quokka (D:2)
  2 ball pythons (D:1)
  6 frilled lizards
  7 kobolds
  4 rats
40 creatures vanquished.

Notes
Turn   | Place    | Note
-------+----------+-------------------------------------------
     0 | D:1      | Twinkles the Spriggan Reaver began the quest for the Orb.
     0 | D:1      | Reached XP level 1. HP: 10/10 MP: 5/5
   634 | D:1      | Reached XP level 2. HP: 13/15 MP: 6/6
  1058 | D:2      | Reached XP level 3. HP: 18/18 MP: 8/8
  1391 | D:2      | HP: 1/18 [iguana (6)]
  1845 | D:2      | Reached skill level 1 in Stealth
  2077 | D:3      | Noticed a scorpion
  2110 | D:3      | Noticed Terence
  2491 | D:3      | Found an ornate altar of the Wu Jian Council.
  2502 | D:3      | Identified the +0 robe "Xecideck" {+Blink Str+4 Archmagi}
  2529 | D:3      | HP: 3/15 [Terence/+0 trident (10)]
  2677 | D:2      | HP: 4/15 [Terence/+0 trident (5)]
  2931 | D:3      | Reached XP level 4. HP: 21/21 MP: 9/9
  2939 | D:2      | Slain by an iguana

Illustrated notes

Levels and vault maps discovered:
D:1:      dpeg_arrival_round_a, layout_loops_corners
D:2:      layout_basic, minmay_between
D:3:      cheibrodos_pilgrimage, layout_basic, nzn_wu_jian_contemplation,
          ebering_ecumenical_altar_abandoned, uniq_terence

Skill      XL: |  1  2  3 |
---------------+----------+-----
Dodging        | 3 |  3.5
Spellcasting   | 3 |  3.3
Fighting       | 2 |  2.1
Stealth        | 1 |  1.4
Short Blades   | |  3.6
Conjurations   | |  2.5

Action                     |  1- 3 |  4- 6 || total
---------------------------+-------+-------++-------
  Melee: Short sword       |   202 |     1 ||   203
         Punch             |     1 |       ||     1
   Cast: Kiss of Death     |     1 |       ||     1
   Stab: Sleeping          |     1 |       ||     1
 Armour: Robe              |    20 |       ||    20
  Dodge: Dodged            |   146 |       ||   146

Table legend: (Time is in decaauts)
 A = Elapsed time spent in this place.
 B = Non-inter-level travel time spent in this place.
 C = Inter-level travel time spent in this place.
 D = Time resting spent in this place.
 E = Time spent auto-exploring this place.
 F = Levels seen in this place.
 G = Mean time per level.
                   A        B        C        D        E       F      G
               +--------+--------+--------+--------+--------+-----+--------+
         Total |   1971 |   1792 |    179 |     59 |   1156 |   3 |  657.0 |
       Dungeon |   1971 |   1792 |    179 |     59 |   1156 |   3 |  657.0 |
               +--------+--------+--------+--------+--------+-----+--------+

Top non-repeatable levels by time:
     D:2: 1045 daAuts
     D:1: 687 daAuts
     D:3: 238 daAuts
